 Dungeon Sprint DCSS version 0.23-a0-54-gae6112e (webtiles) character file.

338 Mgcat the Arsonist (level 6, -23/32 HPs)
             Began as a Deep Elf Fire Elementalist on Aug 8, 2018.
             Was a Believer of Vehumet.
             Shot with an arrow by a centaur warrior (32 damage)
             ... in the Dungeon (Sprint IX: "|||||||||||||||||||||||||||||").
             The game lasted 00:04:51 (621 turns).

Mgcat the Arsonist (Deep Elf Fire Elementalist)      Turns: 621, Time: 00:04:52

Health: -23/32     AC:  3    Str:  8    XL:     6   Next: 29%
Magic:  11/19      EV: 13    Int: 25    God:    Vehumet [**....]
Gold:   0          SH:  0    Dex: 15    Spells: 6/22 levels left

rFire    . . .     SeeInvis .   m - staff of energy {+MP, hungerless spells, !d!a@w1}
rCold    . . .     Gourm    .   (no shield)
rNeg     . . .     Faith    .   a - +0 robe
rPois    .         Spirit   .   (no helmet)
rElec    .         Reflect  .   (no cloak)
rCorr    .         Harm     .   o - +0 pair of gloves
MR       .....     NoTele   +   (no boots)
Stlth    ++........             (no amulet)
HPRegen  0.10/turn              q - +3 ring of intelligence
MPRegen  0.16/turn              r - +3 ring of strength

@: no status effects
A: no striking features
a: Renounce Religion


You were in the Dungeon.
You worshipped Vehumet.
Vehumet was pleased with you.
You were not hungry.

You visited 1 branch

Inventory:

Hand Weapons
 s - a +4 quarterstaff of speed
   (You found it in the Dungeon)
Armour
 a - a +0 robe (worn)
 o - a +0 pair of gloves (worn)
   (You found it in the Dungeon)
 p - a +0 pair of gloves
   (You found it in the Dungeon)
Magical Staves
 m - an uncursed staff of energy (weapon) {+MP, hungerless spells, !d!a@w1}
   (You found it in the Dungeon)
Jewellery
 q - a +3 ring of intelligence (left hand)
   (You found it in the Dungeon)
 r - a +3 ring of strength (right hand)
   (You found it in the Dungeon)
Wands
 n - a wand of acid (10)
   (You found it in the Dungeon)
Scrolls
 i - 2 scrolls of blinking {!r}
 k - 3 scrolls of remove curse
 l - 2 scrolls of amnesia
Potions
 d - a potion of invisibility
 e - 2 potions of heal wounds
 g - 2 potions of magic
 h - a potion of berserk rage {!q}
 j - 4 potions of curing
Comestibles
 b - a chunk of flesh {@w0}
 c - a ration


   Skills:
 + Level 0.0 Fighting
 + Level 2.4 Dodging
 - Level 2.4 Stealth
 + Level 8.7 Spellcasting
 + Level 9.2 Conjurations
 + Level 9.7 Fire Magic
 + Level 0.0 Evocations


You had 6 spell levels left.
You knew the following spells:

 Your Spells              Type           Power        Failure   Level  Hunger
a - Flame Tongue          Conj/Fire      #####        1%          1    None
b - Throw Flame           Conj/Fire      ######       1%          2    None
c - Conjure Flame         Conj/Fire      ######..     1%          3    None
d - Sticky Flame          Conj/Fire      ######..     1%          4    None
e - Fireball              Conj/Fire      ######....   3%          5    None
f - Magic Dart            Conj           ####         1%          1    None

Your spell library contained the following spells:

 Spells                   Type           Power        Failure   Level  Hunger
 Inner Flame              Hex/Fire       #####...     2%          3    None


Dungeon Overview and Level Annotations

Branches:
Dungeon (1/1)

Altars:
Cheibriados
Dithmenos
Elyvilon
Fedhas
Gozag
Hepliaklqana
Kikubaaqudgha
Makhleb
Nemelex Xobeh
Okawaru
Qazlal
Ru
Sif Muna
Trog
Uskayaw
Vehumet
Wu Jian
Xom
Yredelemnul
Zin
The Shining One
Beogh
Jiyva
Lugonu


Message History

Press < or > to pray at altars.
Key pressed, stopping explore.
Unknown command.
Press < or > to pray at altars.
There is a radiant altar of Vehumet, spattered with blood here.
There is an ornate altar of the Wu Jian Council here.
Items here: ))) [[ † a mace; a leather armour; an enchanted flail; a robe; a dagger; an orc corpse Unknown command.
Press < or > to pray at altars.
You butcher the orc corpse.
b - a chunk of flesh {@w0}
There is an ornate altar of the Wu Jian Council here.
Items here: ))) [[ a mace; a leather armour; an enchanted flail; a robe; a dagger
There is an ornate altar of the Wu Jian Council here.
Items here: ))) [[ a mace; a leather armour; an enchanted flail; a robe; a dagger
There is a shimmering altar of Xom here.
There is a basalt altar of Yredelemnul here.
There is a glowing silver altar of Zin here.
There is a glowing golden altar of the Shining One here.
There is an open door here.
Key pressed, stopping explore.
Unknown command.
Items here: ))))) a +2 scimitar of flaming; a +2 halberd of protection a +2 morningstar of draining; a +1 broad axe of chopping a +2 rapier of draining Key pressed, stopping explore.
Unknown command.
Unknown command.
Unknown command.
You start resting.
HP restored.
You see here a +0 plate armour.
You see here a yak skeleton.
There is an open door to the Dungeon here.
Key pressed, stopping explore.
Unknown command.
Unknown command.
Unknown command.
Unknown command.
Unknown command.
Memorise Sticky Flame, consuming 4 spell levels and leaving 12?
You start memorising the spell.
You continue memorising. x4
You finish memorising.
Spell assigned to 'd'.
Memorise Fireball, consuming 5 spell levels and leaving 7?
You start memorising the spell.
You continue memorising. x5
You finish memorising.
Spell assigned to 'e'.
Memorise Magic Dart, consuming 1 spell level and leaving 6?
Vehumet grants you knowledge of Magic Dart.
You start memorising the spell.
You continue memorising.
You finish memorising.
Spell assigned to 'f'.
Okay, then.
Unknown command.
Key pressed, stopping explore.
Unknown command.
Unknown command.
Unknown command.
Unknown command.
Unknown command.
Unknown command.
Unknown command.
Unknown command.
You open the door.
A basilisk, a hippogriff, a worker ant, a gargoyle, an orc and a centaur warrior come into view.
The orc shouts!
The basilisk hisses angrily.
The centaur warrior shouts!
The hippogriff screeches!
Unknown command.
Unknown command.
Unknown command.
Unknown command.
Unknown command.
Casting: Throw Flame (safe; 1% risk of failure)
Confirm with . or Enter, or press ? or * to list all spells.
Aiming: Conjure Flame (safe; 1% risk of failure)
Press: ? - help, Dir - move target cursor The fire ignites!
The centaur warrior wields a longbow.
The centaur warrior shoots an arrow.
The arrow hits you!!
Ouch! That really hurt!
* * * LOW HITPOINT WARNING * * *
Unknown command.
Unknown command.
Unknown command.
Unknown command.
Unknown command.
Casting: Conjure Flame (safe; 1% risk of failure)
Confirm with . or Enter, or press ? or * to list all spells.
Aiming: Fireball (safe; 3% risk of failure)
Press: ? - help, Shift-Dir - straight line, f - centaur warrior
Aim: a centaur warrior, wielding a longbow The fireball explodes!
The fireball engulfs the centaur warrior.
The centaur warrior is moderately wounded.
The fireball engulfs the hippogriff.
The hippogriff is moderately wounded.
The centaur warrior shoots an arrow.
The arrow hits you!!
Ouch! That really hurt!
You die...

▓.▓
▓÷▓
▓'▓
▓.▓
▓.▓
▓.▓
▓.▓
▓.▓
▓@▓
▓§▓
▓c▓
▓H▓
▓o▓
▓9▓
▓l▓
▓a▓


You could see a centaur warrior, a hippogriff, a basilisk, a gargoyle, a worker
ant and an orc.

Vanquished Creatures
  A yak (D)
  A big kobold (D)
  A wight (D)
  A howler monkey (D)
  A worker ant (D)
  2 shadow imps (D)
  A leopard gecko (D)
  An orc (D)
  2 bats (D)
  2 frilled lizards (D)
  A kobold (D)
  A leopard gecko zombie (D)
  A rat (D)
16 creatures vanquished.

Notes
Turn   | Place    | Note
-------+----------+-------------------------------------------
     0 | D        | Mgcat the Deep Elf Fire Elementalist began the quest for the Orb.
     0 | D        | Reached XP level 1. HP: 10/10 MP: 6/6
    37 | D        | Reached skill level 2 in Conjurations
    37 | D        | Reached skill level 4 in Fire Magic
   145 | D        | Noticed a howler monkey
   145 | D        | Noticed a worker ant
   162 | D        | Killed a howler monkey
   162 | D        | Reached skill level 5 in Conjurations
   162 | D        | Reached skill level 6 in Fire Magic
   162 | D        | Reached XP level 2. HP: 13/15 MP: 0/8
   162 | D        | Reached XP level 3. HP: 16/19 MP: 0/9
   176 | D        | Reached skill level 6 in Conjurations
   177 | D        | Reached XP level 4. HP: 13/24 MP: 1/10
   181 | D        | Learned a level 2 spell: Throw Flame
   185 | D        | Learned a level 3 spell: Conjure Flame
   274 | D        | Found a roughly hewn altar of Beogh.
   274 | D        | Found a snail-covered altar of Cheibriados.
   274 | D        | Found a shadowy altar of Dithmenos.
   274 | D        | Found a white marble altar of Elyvilon.
   274 | D        | Found a blossoming altar of Fedhas.
   274 | D        | Found an opulent altar of Gozag.
   275 | D        | Found a hazy altar of Hepliaklqana.
   276 | D        | Found a viscous altar of Jiyva.
   277 | D        | Found an ancient bone altar of Kikubaaqudgha.
   278 | D        | Found a corrupted altar of Lugonu.
   279 | D        | Found a burning altar of Makhleb.
   280 | D        | Found a sparkling altar of Nemelex Xobeh.
   281 | D        | Found an iron altar of Okawaru.
   282 | D        | Found a stormy altar of Qazlal.
   283 | D        | Found a sacrificial altar of Ru.
   284 | D        | Found a deep blue altar of Sif Muna.
   285 | D        | Found a bloodstained altar of Trog.
   286 | D        | Found a hide-covered altar of Uskayaw.
   287 | D        | Found a radiant altar of Vehumet.
   288 | D        | Found an ornate altar of the Wu Jian Council.
   289 | D        | Found a shimmering altar of Xom.
   290 | D        | Found a basalt altar of Yredelemnul.
   291 | D        | Found a glowing silver altar of Zin.
   292 | D        | Found a glowing golden altar of the Shining One.
   295 | D        | Became a worshipper of Vehumet
   339 | D        | Noticed a yak
   339 | D        | Noticed a big kobold
   345 | D        | Killed a yak
   345 | D        | Reached skill level 7 in Spellcasting
   345 | D        | Reached skill level 8 in Conjurations
   345 | D        | Reached skill level 8 in Fire Magic
   345 | D        | Reached XP level 5. HP: 19/28 MP: 6/16
   383 | D        | HP: 6/28 [big kobold/dagger (3)]
   391 | D        | Reached * piety under Vehumet
   391 | D        | Offered knowledge of Magic Dart by Vehumet.
   391 | D        | Reached skill level 8 in Spellcasting
   391 | D        | Reached skill level 9 in Fire Magic
   391 | D        | Reached XP level 6. HP: 22/32 MP: 17/19
   397 | D        | Reached skill level 9 in Conjurations
   400 | D        | Reached ** piety under Vehumet
   606 | D        | Learned a level 4 spell: Sticky Flame
   612 | D        | Learned a level 5 spell: Fireball
   614 | D        | Learned a level 1 spell: Magic Dart
   619 | D        | Noticed a centaur warrior
   619 | D        | Noticed a hippogriff
   619 | D        | Noticed a gargoyle
   619 | D        | Noticed a basilisk
   621 | D        | Shot with an arrow by a centaur warrior

Vault maps used:
D:        linesprint

Skill      XL: |  1  2  3  4  5  6 |
---------------+-------------------+-----
Conjurations   | 5 6 8 9 |  9.2
Fire Magic     | 6 8 9 |  9.7
Spellcasting   | 7 8 |  8.7
Dodging        | |  2.4
Stealth        | |  2.4

Action                   |  1- 3 |  4- 6 || total
-------------------------+-------+-------++-------
Melee: Unarmed           |    35 |       ||    35
       Quarterstaff      |       |     1 ||     1
 Cast: Flame Tongue      |    21 |    15 ||    36
       Conjure Flame     |       |     5 ||     5
       Throw Flame       |       |     3 ||     3
       Fireball          |       |     1 ||     1
Evoke: Staff of energy   |       |     2 ||     2
  Use: Potion            |     2 |     3 ||     5
Armor: Robe              |    15 |     1 ||    16
Dodge: Dodged            |    43 |     1 ||    44

Table legend:
 A = Spawn XP
 B = Non-spawn XP
 C = Spawn XP percentage of total XP
 D = Spawn monster count
 E = Non-spawn monster count
 F = Spawn count percentage of total count
 G = Total turns spent on level
                    A         B        C        D         E        F      G
               +---------+---------+-------+---------+---------+-------+---------
         Total |       0 |     483 |   0.0 |       0 |      16 |   0.0 |   621
               +---------+---------+-------+---------+---------+-------+---------
             D |       0 |     483 |   0.0 |       0 |      16 |   0.0 |   621
               +---------+---------+-------+---------+---------+-------+---------

Vault maps used:
D:        linesprint

Table legend:
 A = Turns spent in this place as a percentage of turns spent in the entire game.
 B = Non-inter-level travel turns spent in this place as a percentage of non-inter-level travel turns spent in the entire game.
 C = Inter-level travel turns spent in this place as a percentage of turns spent in this place.
 D = Turns resting spent in this place as a percentage of non-inter-level travel turns spent in this place.
 E = Turns spent auto-exploring this place as a percentage of non-inter-level travel turns spent in this place.
 F = Non-inter-level travel turns spent in this place divided by the number of levels of this place that you've seen.
                   A       B       C       D       E      F
               +-------+-------+-------+-------+-------+----------------------
         Total | 100.0 | 100.0 |   0.0 |   5.8 |  60.9 | 621.0
       Dungeon | 100.0 | 100.0 |   0.0 |   5.8 |  60.9 | 621.0
               +-------+-------+-------+-------+-------+----------------------

Table legend:
 A = Kills in this place as a percentage of kills in entire the game.
 B = Kills by you in this place as a percentage of kills by you in the entire game.
 C = Kills by friends in this place as a percentage of kills by friends in the entire game.
 D = Other kills in this place as a percentage of other kills in the entire game.
 E = Experience gained in this place as a percentage of experience gained in the entire game.
 F = Experience gained in this place divided by the number of levels of this place that you have seen.
                   A       B       C       D       E      F
               +-------+-------+-------+-------+-------+----------------------
         Total | 100.0 | 100.0 |   N/A |   N/A | 100.0 | 483.0
       Dungeon | 100.0 | 100.0 |   N/A |   N/A | 100.0 | 483.0
               +-------+-------+-------+-------+-------+----------------------
